[ AOE2 MATCH · #490540313 ]
UnrankedKhmer vs Lithuanians
Player's team · LOSS
[ REPLAY ANALYSIS · EXTRACTED FROM THE RECORDED GAME ]
Feudal
9:32
Castle
23:25
Imperial
44:35
| APM avg | 46.5 |
| APM peak | 93 |
| eAPM avg | 26.5 |
| Villagers / military | 125 / 118 |
Focus
⚔️ 29.7% · 🌾 70.3%
Spearman ×51 · Knight ×34 · Scorpion ×20 · Scout Cavalry ×9 · Mangonel ×4
Feudal
8:54
Castle
22:29
Imperial
38:38
| APM avg | 42.5 |
| APM peak | 90 |
| eAPM avg | 25.3 |
| Villagers / military | 139 / 184 |
Focus
⚔️ 34.6% · 🌾 65.4%
Knight ×83 · Spearman ×43 · Leitis ×29 · Scout Cavalry ×11 · Skirmisher ×8 · Trebuchet (Packed) ×4
Match map
Initial resources + every placement click. Lines = walls · curves = elevation contours. ◆ gold · ⬟ stone · ● berries · ✦ relic · ◌ wall gap
Your base· Open — 6t gap
[NT] Gandalf's base· ✓ Closed at 22:29 · 38t walls · no gate
Smoothed initial terrain · ◌ = detected wall gap · hover for details
Inputs per minute
— CTM | Crawly94 - - [NT] Gandalf
Build order — CTM | Crawly94
First 150 of 415 actions detected
| 0:00 | Create | Villager (Male) |
| 0:01 | Create | Villager (Male) |
| 0:02 | Build | House |
| 0:02 | Build | House |
| 0:03 | Create | Villager (Male) |
| 0:12 | Create | Villager (Male) |
| 0:12 | Create | Villager (Male) |
| 1:46 | Create | Villager (Male) |
| 1:46 | Create | Villager (Male) |
| 1:50 | Build | Lumber Camp |
| 2:02 | Create | Villager (Male) |
| 2:03 | Create | Villager (Male) |
| 2:45 | Create | Villager (Male) |
| 2:45 | Create | Villager (Male) |
| 3:19 | Build | House |
| 3:23 | Create | Villager (Male) |
| 3:24 | Create | Villager (Male) |
| 3:24 | Create | Villager (Male) |
| 3:24 | Create | Villager (Male) |
| 4:19 | Build | Mill |
| 4:22 | Create | Villager (Male) |
| 4:39 | Create | Villager (Male) |
| 4:57 | Create | Villager (Male) |
| 5:24 | Create | Villager (Male) |
| 5:39 | Build | House |
| 5:51 | Create | Villager (Male) |
| 5:51 | Create | Villager (Male) |
| 6:15 | Create | Villager (Male) |
| 6:15 | Create | Villager (Male) |
| 6:31 | Research | Loom |
| 7:22 | Research | Feudal Age |
| 7:36 | Build | Lumber Camp |
| 7:50 | Create | Villager (Male) |
| 8:09 | Create | Villager (Male) |
| 9:16 | Build | House |
| 9:29 | Create | Villager (Male) |
| 9:32 | Age | Feudal Age |
| 9:35 | Build | Stable |
| 9:46 | Create | Villager (Male) |
| 9:52 | Build | Farm |
| 9:52 | Build | Farm |
| 9:52 | Build | Farm |
| 9:52 | Build | Farm |
| 9:53 | Build | Farm |
| 9:53 | Build | Farm |
| 9:53 | Build | Farm |
| 9:54 | Build | Farm |
| 10:11 | Build | Palisade Wall |
| 10:20 | Create | Scout Cavalry |
| 10:20 | Create | Scout Cavalry |
| 10:20 | Create | Scout Cavalry |
| 10:30 | Research | Double-Bit Axe |
| 10:38 | Build | Palisade Wall |
| 11:04 | Build | Farm |
| 11:04 | Build | Farm |
| 11:26 | Create | Villager (Male) |
| 11:26 | Create | Villager (Male) |
| 11:26 | Create | Villager (Male) |
| 11:35 | Build | Farm |
| 11:43 | Create | Villager (Male) |
| 12:06 | Build | House |
| 12:13 | Create | Scout Cavalry |
| 12:13 | Create | Scout Cavalry |
| 12:20 | Build | Farm |
| 12:20 | Build | Farm |
| 12:27 | Build | House |
| 12:39 | Build | Palisade Wall |
| 12:41 | Create | Villager (Male) |
| 12:56 | Create | Scout Cavalry |
| 12:57 | Create | Scout Cavalry |
| 13:20 | Build | Barracks |
| 13:24 | Create | Scout Cavalry |
| 13:24 | Create | Scout Cavalry |
| 13:29 | Create | Villager (Male) |
| 13:29 | Create | Villager (Male) |
| 13:33 | Build | Farm |
| 13:33 | Build | Farm |
| 13:33 | Build | Farm |
| 13:34 | Build | Farm |
| 13:34 | Build | Farm |
| 13:51 | Build | House |
| 14:10 | Build | House |
| 14:16 | Create | Villager (Male) |
| 14:16 | Create | Villager (Male) |
| 14:22 | Build | House |
| 15:04 | Create | Villager (Male) |
| 15:05 | Create | Villager (Male) |
| 15:47 | Build | House |
| 15:49 | Build | House |
| 15:54 | Build | House |
| 15:54 | Create | Villager (Male) |
| 15:54 | Create | Villager (Male) |
| 15:58 | Build | Farm |
| 15:58 | Build | Farm |
| 15:58 | Build | Farm |
| 15:59 | Build | Farm |
| 16:03 | Create | Villager (Male) |
| 16:08 | Build | House |
| 16:14 | Build | House |
| 16:22 | Build | Mill |
| 16:31 | Build | Mining Camp |
| 16:42 | Create | Spearman |
| 16:42 | Create | Spearman |
| 16:43 | Create | Spearman |
| 17:07 | Create | Spearman |
| 17:17 | Build | House |
| 17:22 | Build | House |
| 17:22 | Create | Villager (Male) |
| 17:28 | Build | House |
| 17:33 | Create | Spearman |
| 17:34 | Create | Spearman |
| 17:50 | Create | Villager (Male) |
| 17:50 | Create | Villager (Male) |
| 17:53 | Build | House |
| 17:58 | Build | House |
| 18:05 | Build | House |
| 18:10 | Build | Palisade Wall |
| 18:13 | Create | Villager (Male) |
| 18:41 | Create | Villager (Male) |
| 18:41 | Create | Villager (Male) |
| 19:16 | Build | Market |
| 19:23 | Create | Villager (Male) |
| 19:37 | Create | Villager (Male) |
| 19:38 | Build | Farm |
| 20:25 | Research | Castle Age |
| 20:26 | Research | Castle Age |
| 21:01 | Create | Villager (Male) |
| 21:07 | Build | Stable |
| 21:08 | Build | Stable |
| 21:18 | Build | Watch Tower |
| 21:25 | Create | Villager (Male) |
| 21:31 | Build | Farm |
| 21:33 | Create | Villager (Male) |
| 21:41 | Build | Stable |
| 21:54 | Create | Villager (Male) |
| 22:12 | Build | Palisade Wall |
| 22:26 | Build | Farm |
| 22:27 | Build | Farm |
| 22:54 | Build | Blacksmith |
| 23:25 | Age | Castle Age |
| 23:30 | Create | Knight |
| 23:30 | Create | Knight |
| 23:30 | Create | Knight |
| 23:31 | Create | Knight |
| 23:31 | Create | Knight |
| 23:34 | Create | Knight |
| 23:43 | Create | Villager (Male) |
| 23:59 | Build | Town Center |
| 24:06 | Research | Scale Barding Armor |
| 24:30 | Create | Knight |
Build order — [NT] Gandalf
First 150 of 366 actions detected
| 0:00 | Create | Villager (Male) |
| 0:01 | Create | Villager (Male) |
| 0:02 | Build | House |
| 0:03 | Build | House |
| 0:08 | Create | Villager (Male) |
| 0:08 | Create | Villager (Male) |
| 0:08 | Create | Villager (Male) |
| 0:09 | Create | Villager (Male) |
| 1:25 | Create | Villager (Male) |
| 1:25 | Create | Villager (Male) |
| 1:53 | Build | Lumber Camp |
| 2:01 | Create | Villager (Male) |
| 2:02 | Create | Villager (Male) |
| 2:12 | Create | Villager (Male) |
| 2:40 | Create | Villager (Male) |
| 2:40 | Create | Villager (Male) |
| 2:56 | Create | Villager (Male) |
| 2:56 | Create | Villager (Male) |
| 3:49 | Build | House |
| 3:57 | Create | Villager (Male) |
| 4:07 | Build | Mill |
| 4:30 | Create | Villager (Male) |
| 4:36 | Create | Villager (Male) |
| 4:42 | Create | Villager (Male) |
| 4:53 | Create | Villager (Male) |
| 6:44 | Research | Feudal Age |
| 7:02 | Build | Barracks |
| 7:22 | Build | House |
| 8:28 | Create | Villager (Male) |
| 8:32 | Build | House |
| 8:54 | Age | Feudal Age |
| 8:56 | Build | Stable |
| 9:15 | Create | Villager (Male) |
| 9:20 | Research | Double-Bit Axe |
| 9:40 | Create | Villager (Male) |
| 9:48 | Create | Spearman |
| 9:52 | Create | Scout Cavalry ×2 |
| 9:53 | Create | Scout Cavalry ×2 |
| 9:59 | Build | House |
| 10:00 | Build | House |
| 10:06 | Build | Farm |
| 10:09 | Build | Farm |
| 10:13 | Build | House |
| 10:16 | Create | Villager (Male) |
| 10:24 | Build | Mill |
| 10:29 | Create | Villager (Male) |
| 10:39 | Build | Farm |
| 10:40 | Create | Villager (Male) |
| 10:55 | Build | House |
| 10:55 | Create | Villager (Male) |
| 11:01 | Build | Watch Tower |
| 11:25 | Create | Scout Cavalry |
| 11:27 | Build | House |
| 11:28 | Create | Villager (Male) |
| 11:30 | Build | Farm |
| 11:33 | Build | Farm |
| 11:44 | Build | Farm |
| 11:51 | Build | Palisade Wall |
| 11:52 | Build | Palisade Wall |
| 11:53 | Build | Palisade Wall |
| 11:55 | Create | Scout Cavalry |
| 11:56 | Create | Villager (Male) |
| 12:00 | Build | House |
| 12:08 | Create | Spearman |
| 12:08 | Create | Spearman |
| 12:28 | Build | Farm |
| 12:32 | Create | Villager (Male) |
| 12:42 | Create | Scout Cavalry |
| 12:44 | Build | House |
| 12:55 | Create | Villager (Male) |
| 12:57 | Build | Farm |
| 13:05 | Create | Spearman |
| 13:13 | Build | Farm |
| 13:19 | Build | Palisade Wall |
| 13:23 | Create | Scout Cavalry |
| 13:31 | Create | Villager (Male) |
| 13:35 | Create | Villager (Male) |
| 13:39 | Build | Mining Camp |
| 13:43 | Create | Villager (Male) |
| 13:47 | Build | House |
| 14:07 | Create | Spearman |
| 14:13 | Create | Villager (Male) |
| 14:15 | Build | Farm |
| 14:23 | Build | Palisade Wall |
| 14:24 | Build | Palisade Wall |
| 14:31 | Create | Villager (Male) |
| 14:32 | Build | Farm |
| 14:36 | Create | Spearman |
| 14:48 | Create | Villager (Male) |
| 15:06 | Create | Villager (Male) |
| 15:21 | Create | Scout Cavalry |
| 15:27 | Create | Villager (Male) |
| 15:30 | Build | Mining Camp |
| 15:42 | Create | Scout Cavalry |
| 15:45 | Build | Farm |
| 15:50 | Build | Palisade Gate |
| 15:51 | Build | Palisade Wall |
| 15:59 | Create | Scout Cavalry |
| 16:04 | Research | Horse Collar |
| 16:20 | Research | Loom |
| 16:37 | Build | Lumber Camp |
| 16:55 | Create | Villager (Male) |
| 16:57 | Create | Villager (Male) |
| 17:04 | Build | Market |
| 17:22 | Create | Villager (Male) |
| 17:27 | Build | Farm |
| 17:33 | Build | Palisade Wall |
| 17:52 | Build | Farm |
| 17:53 | Build | Farm |
| 17:54 | Create | Villager (Male) |
| 18:21 | Build | Blacksmith |
| 18:35 | Create | Villager (Male) |
| 18:57 | Create | Villager (Male) |
| 19:04 | Build | Farm |
| 19:04 | Build | Farm |
| 19:05 | Build | Farm |
| 19:05 | Build | Farm |
| 19:05 | Build | Farm |
| 19:05 | Build | Farm |
| 19:49 | Research | Castle Age |
| 19:55 | Build | Archery Range |
| 20:25 | Research | Fletching |
| 20:55 | Create | Skirmisher |
| 20:55 | Create | Skirmisher |
| 21:07 | Build | Palisade Wall |
| 21:18 | Research | Bloodlines |
| 21:23 | Research | Padded Archer Armor |
| 21:26 | Create | Skirmisher |
| 22:06 | Create | Skirmisher |
| 22:12 | Create | Villager (Male) |
| 22:29 | Age | Castle Age |
| 22:34 | Build | Siege Workshop |
| 22:36 | Create | Villager (Male) |
| 22:41 | Build | Monastery |
| 22:43 | Research | Bow Saw |
| 22:45 | Research | Light Cavalry (upgrade) |
| 22:46 | Create | Villager (Male) |
| 23:07 | Research | Elite Skirmisher (upgrade) |
| 23:08 | Research | Bodkin Arrow |
| 23:21 | Create | Skirmisher |
| 23:22 | Create | Skirmisher |
| 23:26 | Create | Monk |
| 23:55 | Research | Fervor |
| 23:56 | Create | Villager (Male) |
| 23:59 | Create | Mangonel |
| 23:59 | Create | Mangonel |
| 24:00 | Create | Skirmisher ×2 |
| 24:14 | Create | Villager (Male) |
| 24:24 | Build | House |
| 24:27 | Build | House |
Match timeline
| 7:02 | [NT] Gandalf · first_building Barracks |
| 8:54 | [NT] Gandalf · age_up feudal |
| 8:56 | [NT] Gandalf · first_building Stable |
| 9:32 | CTM | Crawly94 · age_up feudal |
| 9:35 | CTM | Crawly94 · first_building Stable |
| 10:11 | CTM | Crawly94 · wall_segment Palisade Wall x24 |
| 10:38 | CTM | Crawly94 · wall_segment Palisade Wall x20 |
| 11:51 | [NT] Gandalf · wall_segment Palisade Wall x1 |
| 11:52 | [NT] Gandalf · wall_segment Palisade Wall x1 |
| 11:53 | [NT] Gandalf · wall_segment Palisade Wall x1 |
| 12:39 | CTM | Crawly94 · wall_segment Palisade Wall x5 |
| 13:19 | [NT] Gandalf · wall_segment Palisade Wall x8 |
| 13:20 | CTM | Crawly94 · first_building Barracks |
| 14:23 | [NT] Gandalf · wall_segment Palisade Wall x1 |
| 14:24 | [NT] Gandalf · wall_segment Palisade Wall x1 |
| 15:51 | [NT] Gandalf · wall_segment Palisade Wall x7 |
| 17:33 | [NT] Gandalf · wall_segment Palisade Wall x10 |
| 18:10 | CTM | Crawly94 · wall_segment Palisade Wall x1 |
| 19:55 | [NT] Gandalf · first_building Archery Range |
| 20:25 | CTM | Crawly94 · first_market_buy 100 food |
| 21:07 | [NT] Gandalf · wall_segment Palisade Wall x8 |
| 22:12 | CTM | Crawly94 · wall_segment Palisade Wall x1 |
| 22:29 | [NT] Gandalf · age_up castle |
| 22:34 | [NT] Gandalf · first_building Siege Workshop |
| 22:41 | [NT] Gandalf · first_building Monastery |
| 23:25 | CTM | Crawly94 · age_up castle |
| 25:15 | [NT] Gandalf · wall_segment Stone Wall x1 |
| 28:38 | CTM | Crawly94 · first_building Siege Workshop |
| 29:49 | [NT] Gandalf · wall_segment Stone Wall x6 |
| 29:51 | [NT] Gandalf · wall_segment Stone Wall x11 |
| 32:39 | [NT] Gandalf · first_market_buy 100 stone |
| 32:45 | [NT] Gandalf · first_building Castle |
| 35:41 | [NT] Gandalf · wall_segment Stone Wall x2 |
| 38:13 | [NT] Gandalf · first_market_sell 100 food |
| 38:38 | [NT] Gandalf · age_up imperial |
| 39:27 | CTM | Crawly94 · first_market_sell 100 food |
| 39:56 | CTM | Crawly94 · first_building Castle |
| 44:35 | CTM | Crawly94 · age_up imperial |
| 45:18 | CTM | Crawly94 · resign |
[ AI ANALYSIS · 1 CREDIT ]
What really happened in this match?
Wolo.gg analyzes every decision: build order, eco, micro, common mistakes by bracket. Personalized analysis on WhatsApp or Discord in 30 seconds.
Civ guide
Khmer
Perfil
Jugador #20107364